 Dungeon Crawl Stone Soup version 0.29.1-15-g9cfb28693d (webtiles) character file.

Game seed: 5685491392343247025

112 Delarado the Changer (level 4, 0/28 HPs)
             Began as an Octopode Transmuter on May 1, 2023.
             Slain by a gnoll
             ... wielding a +1 spear of freezing
              (2 damage)
             ... on level 3 of the Dungeon.
             The game lasted 00:08:59 (3795 turns).

Delarado the Changer (Octopode Transmuter)          Turns: 3795, Time: 00:08:59

Health: 0/28       AC:  1    Str: 11    XL:     4   Next: 95%
Magic:  6/7        EV: 13    Int: 15    God:
Gold:   60         SH:  0    Dex: 12    Spells: 1/7 levels left

rFire   . . .      SeeInvis .     - Unarmed
rCold   . . .      Faith    .   (no shield)
rNeg    . . .      Spirit   .   (helmet currently unavailable)
rPois   .          Reflect  .   (no amulet)
rElec   .          Harm     .   (no ring)
rCorr   .          Rampage  .   (no ring)
Will    .....                   (no ring)
Stlth   ++........              (no ring)
HPRegen 0.09/turn               (no ring)
MPRegen 0.10/turn               (no ring)
                                (no ring)
                                (no ring)

@: appendages
A: tentacle spike 3, almost no armour, amphibious, 8 rings, camouflage 1,
gelatinous body 1, (nimble swimmer 1), tentacles
a: End Transformation


You were on level 3 of the Dungeon.
One of your tentacles had grown a beastly spike.
You visited 1 branch of the dungeon, and saw 3 of its levels.

You collected 60 gold pieces.

Inventory:

Hand Weapons
 c - a +1 whip of electrocution
Missiles
 b - 38 stones
 f - 9 boomerangs (quivered)
 k - 5 poisoned darts
Scrolls
 g - a scroll of teleportation {unknown}
 h - 2 scrolls of vulnerability {unknown}
 j - 2 scrolls of noise {unknown}
Potions
 a - a potion of lignification
 d - a potion of flight
 e - a potion of berserk rage
 i - a potion of might {unknown}
 l - a potion of resistance
 m - a potion of magic {unknown}
 n - 2 potions of haste {unknown}
 o - a potion of invisibility {unknown}


   Skills:
 - Level 1.0 Fighting
 - Level 2.0 Dodging
 - Level 3.0 Unarmed Combat
 - Level 2.0 Spellcasting
 + Level 1.2 Translocations
 + Level 4.2 Transmutations
 + Level 2.0 Poison Magic


You had one spell level left.
You knew the following spells:

 Your Spells              Type           Power      Damage    Failure   Level
a - Beastly Appendage     Tmut           28%        N/A       4%          1
b - Spider Form           Tmut/Pois      10%        N/A       19%         3
c - Blink                 Tloc           10%        N/A       21%         2

Your spell library contained the following spells:

 Spells                   Type           Power      Damage    Failure   Level
 Necrotise                Necr           4%         1d4       22%         1
 Wereblood                Tmut           14%        N/A       6%          2
 Lesser Beckoning         Tloc           5%         N/A       36%         3
 Vampiric Draining        Necr           1%         2d6       54%         3
 Ice Form                 Ice/Tmut       7%         N/A       67%         4
 Manifold Assault         Tloc           5%         N/A       98%         5
 Agony                    Necr           1%         N/A       99%         5


Dungeon Overview and Level Annotations

Branches:
Dungeon (3/15)

Altars:
Elyvilon
Vehumet

Annotations:
D:3 1 runed translucent door, Crazy Yiuf


Innate Abilities, Weirdness & Mutations

One of your tentacles has grown a beastly spike.
You cannot wear most types of armour.
You are amphibious.
You can wear up to eight rings at the same time.
Your skin changes colour to match your surroundings (Stealth+).
Your rubbery body absorbs attacks. (AC +1, EV +1)
((You are camouflaged when in or above water. (Stealth+)))
You have tentacles for arms and can constrict up to eight enemies at once.


Message History

The helpless ball python fails to defend itself.
You tentacle-slap the ball python.
You kill the ball python!
No target in view!
A rat comes into view.
You see here a smoky blue potion.
n - 2 smoky blue potions (gained 1)
You see here the +3 quarterstaff "Roconkim" {spect, rF- Dex+3}.
Throw: 9 boomerangs
Press: ? - help, Q - select action, (/) - cycle Shift-Dir - straight line, f - you
Okay, then.
p - the +3 quarterstaff "Roconkim" {spect, rF- Dex+3} You drop the +3 quarterstaff "Roconkim" {spect, rF- Dex+3}.
A gnoll comes into view. It is wielding a +1 spear of freezing.
Throw: 9 boomerangs
Press: ? - help, Q - select action, (/) - cycle Shift-Dir - straight line, f - gnoll
Aim: a gnoll, wielding a +1 spear of freezing (asleep, 98% to hit)
You throw a boomerang. The boomerang hits the gnoll.
The gnoll shouts!
The gnoll is moderately wounded.
A gnoll comes into view. It is wielding a +0 flail.
A gnoll comes into view. It is wielding a +0 flail.
You see here a +1 robe of fire resistance.
Casting: Beastly Appendage (safe; 4% risk of failure)
Confirm with . or Enter, or press ? or * to list all spells.
One of your tentacles grows a vicious spike.
The gnoll hits you with a +1 spear of freezing!
The gnoll freezes you.
You tentacle-slap the gnoll but do no damage.
Your grab misses the gnoll.
The gnoll is lightly wounded.
The gnoll hits you with a +1 spear of freezing.
The gnoll freezes you.
You are too injured to fight recklessly!
You are too injured to fight recklessly!
The gnoll attacks as you move away! The gnoll barely misses you.
The gnoll hits you from afar with a +1 spear of freezing!
* * * LOW HITPOINT WARNING * * *
The gnoll freezes you.
You die...

#.......#.......##....#.
#.......#.......##......
#..............[........
#........#.#.......|....
####.###.#.###.#...###..
####..........#....### #..
##_##......g.....##.# #..
##.####<........####.## #..
#.##..#....@....# #..## #..
#.#.#.#.........# ##..# #..
##.##.#.........# ##.###..
###.###.###....## ##......
###.#.##.###..#..####^.###..
#..##.#...##..##....#..##...
#†##..#...##.######.#)......
###.###...#..# ##...##.)..
#.#####....## ##.)..##....


You could see a gnoll.

Vanquished Creatures
  3 adders
  2 worms (D:3)
  A dart slug (D:2)
  4 orcs (D:3)
  5 bats
  8 endoplasms
  3 giant cockroaches
  4 goblins
  7 hobgoblins
  5 quokkas
  9 ball pythons
  5 frilled lizards
  7 kobolds
  3 rats
66 creatures vanquished.

Notes
Turn   | Place    | Note
-------+----------+-------------------------------------------
     0 | D:1      | Delarado the Octopode Transmuter began the quest for the
                  | Orb.
     0 | D:1      | Reached XP level 1. HP: 13/13 MP: 3/3
   403 | D:1      | Reached XP level 2. HP: 8/18 MP: 5/5
   670 | D:1      | Reached skill level 3 in Transmutations
   970 | D:1      | Reached XP level 3. HP: 23/23 MP: 6/6
  1596 | D:1      | Learned a level 3 spell: Spider Form
  1820 | D:2      | Learned a level 2 spell: Blink
  1879 | D:2      | Reached skill level 1 in Poison Magic
  1971 | D:2      | Reached XP level 4. HP: 4/28 MP: 7/7
  2367 | D:2      | Reached skill level 4 in Transmutations
  2959 | D:3      | Reached skill level 1 in Translocations
  3143 | D:3      | Identified the +2 ring mail "Qacriut" {rPois}
  3205 | D:3      | Found a runed translucent door.
  3206 | D:3      | Noticed Crazy Yiuf
  3314 | D:3      | Found a radiant altar of Vehumet.
  3640 | D:3      | Found a white marble altar of Elyvilon.
  3758 | D:3      | Identified the +3 quarterstaff "Roconkim" {spect, rF-
                  | Dex+3}
  3795 | D:3      | Slain by a gnoll

Illustrated notes

Levels and vault maps discovered:
D:1:      dpeg_arrival_lava_temple_mockup, layout_loops_ring,
          supply_closet_lemuel, minmay_misc_feat_four_crosses, glass_columns_b
D:2:      layout_rooms, serial_glass, glass_columns_b, glass_columns_c,
          item_on_display_a
D:3:      layout_rooms, nicolae_vehumet_altar_sigil, marbit_many_paths,
          nicolae_concentric_dashed_squares_mild, uniq_crazy_yiuf_cottage

Skill      XL: |  1  2  3  4 |
---------------+-------------+-----
Transmutations | 3 4 |  4.2
Poison Magic   | 1 2 |  2.0
Translocations | 1 |  1.2
Fighting       | |  1.0
Dodging        | |  2.0
Unarmed Combat | |  3.0
Spellcasting   | |  2.0

Action                   |  1- 3 |  4- 6 || total
-------------------------+-------+-------++-------
Melee: Whip              |    20 |       ||    20
       Constrict         |    21 |    16 ||    37
       Kick              |     3 |    15 ||    18
       Unarmed           |    64 |    57 ||   121
       Tentacles         |    17 |    12 ||    29
       Punch             |       |     2 ||     2
Throw: Boomerang         |       |    22 ||    22
 Cast: Beastly Appendage |     3 |     7 ||    10
  Use: Scroll            |     1 |     2 ||     3
 Stab: Sleeping          |     5 |     3 ||     8
       Distracted        |     1 |       ||     1
Armor: Skin              |     6 |     1 ||     7
Dodge: Dodged            |    41 |    30 ||    71
